 Dungeon Crawl Stone Soup version 0.30-a0-715-gdb4ae3ece1 (webtiles) character file.

Game seed: 10253095251409217799

7 Leeroy the Slasher (level 2, -1/17 HPs)
             Began as a Tengu Warper on Jan 23, 2023.
             Slain by a jackal (3 damage)
             ... on level 1 of the Dungeon.
             The game lasted 00:00:24 (185 turns).

Leeroy the Slasher (Tengu Warper)                    Turns: 185, Time: 00:00:26

Health: -1/17      AC:  3    Str: 11    XL:     2   Next: 0%
Magic:  6/6        EV: 11    Int: 13    God:
Gold:   59         SH:  0    Dex: 13    Spells: 5/5 levels left

rFire   . . .      SeeInvis .    a - +0 falchion
rCold   . . .      Faith    .    (no shield)
rNeg    . . .      Spirit   .    b - +0 leather armour
rPois   .          Reflect  .    (helmet restricted)
rElec   .          Harm     .    (no cloak)
rCorr   .          Rampage  .    (no gloves)
Will    .....                    (boots unavailable)
Stlth   +                        (no amulet)
HPRegen 0.22/turn                (no ring)
MPRegen 0.10/turn                (no ring)

@: no status effects
A: beak, talons 3
a: no special abilities


You were on level 1 of the Dungeon.
You visited 1 branch of the dungeon, and saw 1 of its levels.

You collected 59 gold pieces.

Inventory:

Hand Weapons
 a - a +0 falchion (weapon)
 e - a +1 vampiric whip
Missiles
 d - 7 boomerangs of dispersal (quivered)
Armour
 b - a +0 leather armour (worn)
Scrolls
 c - a scroll of blinking
 g - a scroll of identify {unknown}
Potions
 f - a potion of ambrosia {unknown}
 h - a potion of lignification {unknown}
 i - a potion of haste {unknown}


   Skills:
 - Level 2.0 Fighting
 + Level 2.9 Long Blades
 - Level 1.0 Throwing
 - Level 1.1 Armour
 - Level 2.1 Dodging
 - Level 2.0 Spellcasting
 - Level 2.4 Translocations


You had 5 spell levels left.
You didn't know any spells.
Your spell library contained the following spells:

 Spells                   Type           Power      Damage    Failure   Level
 Blink                    Tloc           14%        N/A       19%         2
 Lesser Beckoning         Tloc           14%        N/A       19%         2
 Teleport Other           Tloc           7%         N/A       36%         3
 Vhi's Electric Charge    Tloc/Air       8%         N/A       52%         3
 Manifold Assault         Tloc           7%         N/A       77%         4


Dungeon Overview and Level Annotations

Branches:
Dungeon (1/15)

Altars:


Innate Abilities, Weirdness & Mutations

You have a beak for a mouth.
You have claws for feet.


Message History

You are too injured to fight recklessly!
The jackal closely misses you. The jackal attacks as you move away!
The jackal barely misses you.
You hit the jackal. You peck the jackal.
The jackal is heavily wounded.
The jackal closely misses you. The jackal bites you.
You hit the jackal. Your kick misses the jackal.
You peck the jackal, but do no damage.
The jackal is almost dead.
The jackal bites you but does no damage.
The jackal bites you.
The jackal bites you but does no damage.
The jackal barely misses you.
You hit the jackal.
You kill the jackal!
The jackal barely misses you.
The jackal bites you but does no damage.
The jackal attacks as you move away! The jackal bites you.
* * * LOW HITPOINT WARNING * * *
The jackal bites you.
* * * LOW HITPOINT WARNING * * *
You closely miss the jackal. You claw the jackal.
You kill the jackal!
The jackal barely misses you.
You closely miss the jackal. You peck the jackal.
The jackal is heavily wounded.
The jackal barely misses you. The jackal closely misses you.
You slash the jackal!
You kill the jackal!
The jackal bites you but does no damage.
You have reached level 2!
You barely miss the jackal. The jackal misses you.
You closely miss the jackal. Your kick misses the jackal.
The jackal misses you. The jackal bites you.
* * * LOW HITPOINT WARNING * * *
You barely miss the jackal. The jackal closely misses you.
You hit the jackal. Your kick misses the jackal. Your peck misses the jackal.
The jackal is moderately wounded.
The jackal bites you.
You die...

##.......##......⌠....#...#
###...######.........#.###
##### ##.......##.#
###...####.# ... ##### #.#
.. #.# .. #.# .
##########.# #.#.h@.....).#
...##.#.##########
.>.[...h.......
..###.#.#......
#........#.####
#..##.#..#.# .. #..#..# # #
#. #..# #. #..#


You could see a jackal.

Vanquished Creatures
  A dart slug (D:1)
  3 jackals (D:1)
4 creatures vanquished.

Notes
Turn   | Place    | Note
-------+----------+-------------------------------------------
     0 | D:1      | Leeroy the Tengu Warper began the quest for the Orb.
     0 | D:1      | Reached XP level 1. HP: 12/12 MP: 4/4
   182 | D:1      | Reached XP level 2. HP: 3/17 MP: 6/6
   185 | D:1      | Slain by a jackal

Illustrated notes

Levels and vault maps discovered:
D:1:      dpeg_arrival_three_same_balls, layout_basic, minmay_cupped

Action                     || total
---------------------------++-------
  Melee: Falchion          ||    15
         Kick              ||     3
         Peck              ||     3
 Armour: Leather armour    ||     7
  Dodge: Dodged            ||    15

Table legend: (Time is in decaauts)
 A = Elapsed time spent in this place.
 B = Non-inter-level travel time spent in this place.
 C = Inter-level travel time spent in this place.
 D = Time resting spent in this place.
 E = Time spent auto-exploring this place.
 F = Levels seen in this place.
 G = Mean time per level.
                   A        B        C        D        E       F      G
               +--------+--------+--------+--------+--------+-----+--------+
         Total |    187 |    187 |      0 |      0 |    136 |   1 |  187.0 |
       Dungeon |    187 |    187 |      0 |      0 |    136 |   1 |  187.0 |
               +--------+--------+--------+--------+--------+-----+--------+

Top non-repeatable levels by time:
     D:1: 187 daAuts
